 Dungeon Crawl Stone Soup version 0.26-a0-720-g2a1d101370 (webtiles) character file.

Game seed: 17065326214341705485

10128 mg7810 the Grappler (level 11, -2/91 HPs)
             Began as a Ghoul Monk on Nov 3, 2020.
             Was an Elder of Makhleb.
             Slain by a six-headed hydra (7 damage)
             ... on level 11 of the Dungeon.
             The game lasted 00:41:47 (9022 turns).

mg7810 the Grappler (Ghoul Monk)                    Turns: 9022, Time: 00:41:48

Health: -2/91      AC: 16    Str: 19    XL:     11   Next: 57%
Magic:  15/15      EV: 11    Int:  5    God:    Makhleb [****..]
Gold:   655        SH:  0    Dex: 17    Spells: 10/10 levels left

rFire    x . .     SeeInvis +   p - +2 hand axe (flame)
rCold    + + +     Faith    .   (no shield)
rNeg     + + +     Spirit   .   B - +1 ice dragon scales
rPois    ∞         Reflect  .   r - +0 helmet
rElec    .         Harm     .   v - +0 cloak
rCorr    .         Rampage  .   y - +0 pair of gloves
MR       .....                  (no boots)
Stlth    +.........             (no amulet)
HPRegen  0.00/turn              w - +6 ring of dexterity
MPRegen  0.14/turn              L - ring of see invisible

@: no status effects
A: rotting body, claws 1, cold resistance 1, negative energy resistance 3,
inhibited regeneration, torment resistance, unbreathing
a: Minor Destruction, Lesser Servant of Makhleb, Major Destruction, Renounce
Religion


You were on level 11 of the Dungeon.
You worshipped Makhleb.
Makhleb was greatly pleased with you.
You visited 2 branches of the dungeon, and saw 12 of its levels.

You collected 655 gold pieces.

Inventory:

Hand Weapons
 p - a +2 hand axe of flaming (weapon)
 s - a +2 dagger of electrocution
 t - a +2 short sword of electrocution
 I - a +9 great sword
Missiles
 c - 20 poisoned darts
 h - 2 atropa-tipped darts
 C - 8 boomerangs (quivered)
Armour
 r - a +0 helmet (worn)
 v - a +0 cloak (worn)
 y - a +0 pair of gloves (worn)
 B - +1 ice dragon scales (worn)
Jewellery
 w - a +6 ring of dexterity (left hand)
 L - a ring of see invisible (right hand)
Wands
 u - a wand of disintegration (12)
 E - a wand of paralysis (7)
Scrolls
 a - a scroll of magic mapping
 d - 2 scrolls of enchant weapon
 f - 2 scrolls of remove curse
 i - a scroll of enchant armour
 j - 7 scrolls of teleportation
 n - a scroll of identify
 H - a scroll of immolation
Potions
 b - 6 potions of stabbing
 e - 2 potions of might
 g - 3 potions of brilliance
 m - 4 potions of curing
 o - 2 potions of degeneration {unknown}
 q - a potion of cancellation {unknown}
 x - a potion of haste {unknown}
 z - 3 potions of flight
 F - a potion of invisibility {unknown}


   Skills:
 + Level 6.4 Fighting
 * Level 8.7 Long Blades
 + Level 2.6 Throwing
 + Level 6.2 Armour
 + Level 3.8 Dodging
 - Level 2.1 Stealth
 + Level 9.4 Unarmed Combat
 * Level 7.4 Invocations
 * Level 4.5 Evocations


You had 10 spell levels left.
You didn't know any spells.
Your spell library contained the following spells:

 Spells                   Type           Power        Failure   Level
 Corona                   Hex            #......      87%         1
 Shock                    Conj/Air       #...         87%         1
 Slow                     Hex            #.......     95%         2
 Swiftness                Air            #.......     95%         2
 Inner Flame              Hex/Fire       #.......     99%         3
 Portal Projectile        Hex/Tloc       #.....       99%         3
 Static Discharge         Conj/Air       #.......     99%         3
 Airstrike                Air            #.........   100%        4
 Cause Fear               Hex            #.........   100%        4
 Leda's Liquefaction      Hex/Erth       #.........   100%        4
 Lightning Bolt           Conj/Air       #.........   100%        5


Dungeon Overview and Level Annotations

Branches:
Dungeon (11/15)            Temple (1/1) D:4            Lair (0/6) D:9
    Orc: D:9-12

Altars:
Ashenzari
Cheibriados
Dithmenos
Elyvilon
Fedhas
Gozag
Hepliaklqana
Kikubaaqudgha
Makhleb
Nemelex Xobeh
Okawaru
Qazlal
Ru
Sif Muna
Trog
Uskayaw
Vehumet
Wu Jian
Xom
Yredelemnul
Zin
The Shining One

Shops:
D:9 (   D:10 }


Innate Abilities, Weirdness & Mutations

Your body is rotting away.
You thrive by killing the living.
You are immune to poison.
You have sharp fingernails.
Your flesh is cold resistant. (rC+)
You are immune to negative energy. (rN+++)
You do not regenerate when monsters are visible.
You are immune to unholy pain and torment.
You can survive without breathing.


Message History

You completely miss the six-headed hydra.
The six-headed hydra is almost dead.
A centaur skeleton comes into view.
The six-headed hydra barely misses you. The six-headed hydra bites you!
* * * LOW HITPOINT WARNING * * *
The six-headed hydra bites you but does no damage.
The six-headed hydra bites you.
* * * LOW HITPOINT WARNING * * *
The six-headed hydra closely misses you.
The six-headed hydra bites you but does no damage.
A demon appears!
The six-headed hydra bites you but does no damage.
The six-headed hydra bites you.
* * * LOW HITPOINT WARNING * * *
The six-headed hydra bites you.
* * * LOW HITPOINT WARNING * * *
The six-headed hydra bites you.
* * * LOW HITPOINT WARNING * * *
The six-headed hydra bites you!
You die...

#### .## ###..##..#
##+# ##..##.##.##
#).|# #.#####.#..#
#.|## #.#..##.#.#
#y'## ##(##.##'.## ##
#z)#l##..#3#.###..##.#
#|.[##.#####Z##.
#..#.# ##+# ##.##D@##
.##...# ##zl###
##...## #### #..#.#
#..##.# #. #.# #. #.#
#..##.# #.....#
#.###.#


You could see a six-headed hydra, a skeletal warrior, a wyvern, a centaur
skeleton and a friendly ynoxinul (summoned).

Vanquished Creatures
  2 two-headed ogres
  An ugly thing (D:11)
  A komodo dragon (D:9)
  3 trolls
  7 yaks
  Menkaure (D:6)
  3 orc warriors
  3 black bears (D:9)
  An ice beast (D:8)
  3 phantoms
  2 eyes of draining
  A necrophage (D:6)
  4 ogres
  6 centaurs
  6 bullfrogs
  A big kobold (D:10)
  A gnoll sergeant (D:11)
  A wyvern skeleton (D:6)
  9 scorpions
  A water moccasin skeleton (D:5)
  5 killer bees (D:8)
  12 wights
  3 howler monkeys (D:8)
  2 jellies
  A quasit (D:8)
  A centaur skeleton (D:8)
  7 hounds
  4 orc priests
  5 orc wizards
  An iguana (D:10)
  8 worker ants
  Natasha (thrice) (D:3)
  2 killer bee zombies (D:8)
  2 hound zombies
  A hound skeleton (D:4)
  Robin (D:3)
  2 worker ant zombies
  A howler monkey skeleton (D:8)
  7 gnolls
  10 adders
  A shadow imp (D:6)
  5 white imps
  3 oozes
  3 worms
  2 dart slugs
  6 leopard geckos
  20 orcs
  A ball python (D:1)
  6 giant cockroaches
  10 goblins
  14 hobgoblins
  9 jackals
  4 quokkas
  10 bats
  4 frilled lizards
  9 kobolds
  A leopard gecko skeleton (D:5)
  2 quokka skeletons
  11 rats
256 creatures vanquished.

Vanquished Creatures (collateral kills)
  3 two-headed ogres
  A yak (D:9)
  4 centaurs (D:10)
  A bullfrog (D:9)
  A scorpion (D:9)
  An orc (D:10)
  2 kobolds (D:10)
  2 quokkas
15 creatures vanquished.

Vanquished Creatures (others)
  26 fungi (D:9)
  33 plants (D:9)
59 creatures vanquished.

Grand Total: 330 creatures vanquished

Notes
Turn   | Place    | Note
-------+----------+-------------------------------------------
     0 | D:1      | mg7810 the Ghoul Monk began the quest for the Orb.
     0 | D:1      | Reached XP level 1. HP: 19/19 MP: 0/0
    79 | D:1      | Reached XP level 2. HP: 8/26 MP: 1/1
   489 | D:1      | Reached XP level 3. HP: 30/31 MP: 2/2
   659 | D:1      | Reached skill level 1 in Throwing
   904 | D:2      | Reached skill level 4 in Unarmed Combat
   976 | D:2      | Reached skill level 1 in Armour
   976 | D:2      | Reached XP level 4. HP: 39/39 MP: 3/3
  1006 | D:2      | Found a glowing silver altar of Zin.
  1255 | D:2      | Found a shimmering blue altar of Sif Muna.
  1706 | D:3      | Noticed Robin
  1706 | D:3      | Noticed Natasha
  1713 | D:3      | Reached XP level 5. HP: 45/45 MP: 4/4
  1736 | D:3      | Killed Natasha
  1743 | D:3      | Killed Robin
  1911 | D:3      | Noticed Natasha
  1919 | D:3      | Killed Natasha
  1959 | D:3      | Reached skill level 5 in Unarmed Combat
  1959 | D:3      | Reached XP level 6. HP: 34/51 MP: 5/5
  2307 | D:3      | Noticed Natasha
  2319 | D:3      | Killed Natasha
  2655 | D:4      | Noticed a phantom
  2682 | D:4      | Killed a phantom
  2682 | D:4      | Reached XP level 7. HP: 50/58 MP: 6/6
  2736 | D:4      | Found a staircase to the Ecumenical Temple.
  2745 | D:4      | Reached skill level 6 in Unarmed Combat
  2778 | Temple   | Entered the Ecumenical Temple
  2978 | Temple   | Became a worshipper of Makhleb the Destroyer
  2978 | Temple   | Reached * piety under Makhleb
  2978 | Temple   | Reached ** piety under Makhleb
  3246 | D:5      | Entered Level 5 of the Dungeon
  3340 | D:5      | Reached skill level 1 in Invocations
  3456 | D:5      | Reached skill level 7 in Unarmed Combat
  3483 | D:5      | Reached XP level 8. HP: 66/66 MP: 8/8
  3501 | D:5      | Found an ornate altar of the Wu Jian Council.
  3806 | D:6      | Noticed Menkaure
  3808 | D:6      | Found a bloodstained altar of Trog.
  3816 | D:6      | Killed Menkaure
  3817 | D:6      | Found an opulent altar of Gozag.
  3817 | D:6      | Found a hazy altar of Hepliaklqana.
  4000 | D:6      | Reached skill level 8 in Unarmed Combat
  4088 | D:6      | Found an iron altar of Okawaru.
  4089 | D:6      | Found a snail-covered altar of Cheibriados.
  4093 | D:6      | Found a stormy altar of Qazlal.
  4095 | D:6      | Found a radiant altar of Vehumet.
  4096 | D:6      | Found a blossoming altar of Fedhas.
  4385 | D:7      | Reached *** piety under Makhleb
  4434 | D:7      | Reached skill level 1 in Evocations
  4479 | D:7      | Found a glowing golden altar of the Shining One.
  4495 | D:7      | Reached skill level 9 in Unarmed Combat
  4495 | D:7      | Reached XP level 9. HP: 72/72 MP: 10/10
  4950 | D:7      | Reached skill level 1 in Long Blades
  5006 | D:7      | Found a sparkling altar of Nemelex Xobeh.
  5140 | D:7      | Found a basalt altar of Yredelemnul.
  5142 | D:7      | Noticed a profane servitor
  5195 | D:7      | Noticed an angel
  5473 | D:8      | Reached skill level 5 in Armour
  5988 | D:8      | Reached skill level 5 in Fighting
  6049 | D:8      | Reached XP level 10. HP: 77/81 MP: 12/12
  6120 | D:8      | Reached skill level 5 in Long Blades
  6577 | D:9      | Reached skill level 5 in Invocations
  6694 | D:9      | Found a staircase to the Lair.
  6701 | D:9      | Noticed a two-headed ogre
  6708 | D:9      | Reached **** piety under Makhleb
  6718 | D:9      | Killed a two-headed ogre
  6825 | D:9      | Noticed a two-headed ogre
  6832 | D:9      | Killed a two-headed ogre
  6960 | D:9      | Found a white marble altar of Elyvilon.
  7508 | D:9      | Found Domel's Weapon Shop.
  7540 | D:9      | Got an ancient chain mail
  7541 | D:9      | Identified the cursed +0 chain mail of Cuarph {rElec rF++}
                  | (You found it on level 9 of the Dungeon)
  7700 | D:10     | Entered Level 10 of the Dungeon
  7713 | D:10     | Reached XP level 11. HP: 80/89 MP: 14/14
  7836 | D:10     | Noticed a two-headed ogre
  7836 | D:10     | Noticed a two-headed ogre
  7837 | D:10     | HP: 3/89 [big kobold/+2 short sword of electrocution (20)]
  7861 | D:10     | Killed a two-headed ogre
  7867 | D:10     | Killed a two-headed ogre
  8183 | D:10     | Found Boevoif's Gadget Shop.
  8509 | D:10     | Noticed a two-headed ogre
  8516 | D:10     | Killed a two-headed ogre
  8864 | D:11     | Noticed a cyan ugly thing
  8872 | D:11     | Killed a cyan ugly thing
  9003 | D:11     | Noticed a six-headed hydra
  9005 | D:11     | Noticed a skeletal warrior
  9022 | D:11     | Slain by a six-headed hydra

Illustrated notes

Levels and vault maps discovered:
D:1:      onia_arrival_handbag, layout_rooms, minmay_pentomino_s4
D:2:      layout_rooms, lemuel_blue_sif_altar, nicolae_overflow_crystal_walls,
          st_stairs_11
D:3:      layout_basic, uniq_robin, uniq_natasha
D:4:      layout_basic, minmay_temple_entry_grid
D:5:      layout_cave_pools, old_standard_altar
D:6:      layout_rooms, grunt_temple_overflow_open, uniq_menkaure
D:7:      layout_rooms, grunt_temple_overflow_holy_war,
          nemelex_dance_club_becter
D:8:      layout_basic
D:9:      layout_basic, due_lair_maze_entry_diamond, serial_shops, shop_statue,
          mrwooster_statue_mirror, wad_floor_pattern_2, elyvilon_altar_3
D:10:     layout_cave_pools, serial_shops, nicolae_shop_trees, centaur_isle
D:11:     minmay_the_grid_octo_tiled_squarecenter
          [minmay_the_grid_octo_tetromino_candy,
          minmay_the_grid_octo_fan_narrow, minmay_the_grid_octo_fat_diamond,
          minmay_the_grid_octo_clover,
          minmay_the_grid_square_5x5_megaprize_diamond,
          minmay_the_grid_square_5x5_v, minmay_the_grid_square_5x5_tetrominoes,
          minmay_the_grid_square_5x5_minimal, minmay_the_grid_square_5x5_plus],
          layout_loops_ring, special_room [special_room_orc],
          nicolae_trove_entry_diagonal
Temple:   chequers_temple_sunken

Skill      XL: |  1  2  3  4  5  6  7  8  9 10 11 |
---------------+----------------------------------+-----
Dodging        | 3 |  3.8
Throwing       | 1 2 |  2.6
Unarmed Combat | 4 5 7 9 |  9.4
Armour         | 1 2 3 4 5 6 |  6.2
Invocations    | 2 3 4 6 7 |  7.4
Fighting       | 4 5 6 |  6.4
Evocations     | 1 3 4 |  4.5
Long Blades    | 4 7 8 |  8.7
Stealth        | |  2.1

Action                   |  1- 3 |  4- 6 |  7- 9 | 10-12 || total
-------------------------+-------+-------+-------+-------++-------
Melee: Unarmed           |   131 |   205 |   231 |       ||   567
       Punch             |     1 |     3 |     6 |     1 ||    11
       Great sword       |       |       |   130 |   150 ||   280
       Hand axe          |       |       |       |     2 ||     2
Throw: Boomerang         |       |       |     4 |     4 ||     8
Invok: Minor Destruction |       |       |     1 |     1 ||     2
       Lesser Servant of |       |       |       |    13 ||    13
       Major Destruction |       |       |       |     7 ||     7
Evoke: Wand              |       |       |     5 |     3 ||     8
  Use: Scroll            |     3 |       |     6 |    17 ||    26
       Potion            |       |     1 |       |     5 ||     6
 Stab: Paralysed         |       |       |     8 |     2 ||    10
Armor: Robe              |     9 |       |       |       ||     9
       Chain mail        |    62 |    25 |       |       ||    87
       Plate armour      |       |   120 |   100 |       ||   220
       Ice dragon scales |       |       |   136 |   150 ||   286
Dodge: Dodged            |    85 |    52 |   181 |   144 ||   462
       Rpst.: Great sword |       |       |    26 |    32 ||    58

Table legend: (Time is in decaauts)
 A = Elapsed time spent in this place.
 B = Non-inter-level travel time spent in this place.
 C = Inter-level travel time spent in this place.
 D = Time resting spent in this place.
 E = Time spent auto-exploring this place.
 F = Levels seen in this place.
 G = Mean time per level.
                   A        B        C        D        E       F      G
               +--------+--------+--------+--------+--------+-----+--------+
         Total |   9152 |   8896 |    256 |      0 |   6490 |  12 |  762.7 |
       Dungeon |   8819 |   8563 |    256 |      0 |   6258 |  11 |  801.7 |
        Temple |    332 |    332 |      0 |      0 |    232 |   1 |  332.0 |
               +--------+--------+--------+--------+--------+-----+--------+

Top non-repeatable levels by time:
     D:8: 1259 daAuts
     D:9: 1157 daAuts
    D:10: 1152 daAuts
     D:7: 957 daAuts
     D:3: 852 daAuts
     D:1: 837 daAuts
     D:2: 700 daAuts
     D:4: 624 daAuts
     D:5: 590 daAuts
     D:6: 494 daAuts
  Temple: 332 daAuts
    D:11: 191 daAuts
